 Dungeon Crawl Stone Soup version 0.21.0-3-g78d12a8bdd (webtiles) character file.

37360 DildoBatman the Bewitcher (level 14, -7/98 HPs)
             Began as a Formicid Enchanter on Jan 15, 2018.
             Was a High Priest of Sif Muna.
             Mangled by a death yak (20 damage)
             ... on level 4 of the Lair of Beasts.
             The game lasted 01:26:01 (20597 turns).

DildoBatman the Bewitcher (Formicid Enchanter)     Turns: 20597, Time: 01:26:02

Health: -7/98      AC:  8    Str: 16    XL:     14   Next: 28%
Magic:  18/28      EV: 17    Int: 17    God:    Sif Muna [*****.]
Gold:   1374       SH:  4    Dex: 13    Spells: 11/33 levels left

rFire    + . .     SeeInvis +   a - +10 zealot's sword {holy, *Rage rN+ EV+3}
rCold    . . .     Gourm    +   K - +0 buckler
rNeg     + . .     Faith    .   A - +1 ring mail "Pinnetoi" {-Tele rPois rCorr Dex+2}
rPois    +         Spirit   .   (helmet unavailable)
rElec    .         Reflect  .   (no cloak)
rCorr    +         Harm     .   (no gloves)
MR       +....                  q - +0 pair of boots
Stlth    ++++......             m - amulet of the gourmand
HPRegen  1.26/turn              P - ring of protection from fire
MPRegen  0.21/turn              y - +2 ring of evasion

@: very slightly contaminated, regenerating
A: permanent stasis, dig shafts and tunnels, four strong arms, antennae 3
a: Dig, Shaft Self, Divine Energy, Channel Magic, Forget Spell, Renounce
Religion


You were on level 4 of the Lair of Beasts.
You worshipped Sif Muna.
Sif Muna was extremely pleased with you.
You were very full.

You visited 3 branches of the dungeon, and saw 19 of its levels.
You also visited: Bailey.

You collected 1617 gold pieces.
You spent 243 gold pieces at shops.

Inventory:

Hand Weapons
 a - the +10 zealot's sword (weapon) {holy, *Rage rN+ EV+3}
   (You found it on level 7 of the Dungeon)

   It has been blessed by the Shining One to cause great damage to the undead
   and demons.
   It affects your evasion (+3).
   It protects you from negative energy.
   It may make you go berserk in combat.
 b - the +6 flail "Esaerafu" {speed, Dex+3}
   (You found it on level 8 of the Dungeon)

   Attacks with this weapon are significantly faster.
   It affects your dexterity (+3).
 c - a +2 quarterstaff of draining
Armour
 o - a +0 troll leather armour
 p - the +1 chain mail of Pride {rN+ Dex+4}
   (You found it on level 4 of the Lair of Beasts)

   It affects your dexterity (+4).
   It protects you from negative energy.
 q - a +0 pair of boots (worn)
 A - the +1 ring mail "Pinnetoi" (worn) {-Tele rPois rCorr Dex+2}
   (You took it off a kobold in a bailey)

   It affects your dexterity (+2).
   It protects you from poison.
   It prevents most forms of teleportation.
   It protects you from acid and corrosion.
 K - a +0 buckler (worn)
Magical Staves
 H - an uncursed staff of summoning {unknown}
 I - an uncursed staff of death {unknown}
Jewellery
 g - an uncursed ring of flight
 m - an amulet of the gourmand (around neck)
 y - a +2 ring of evasion (right hand)
 P - a ring of protection from fire (left hand)
Wands
 i - a wand of clouds (8)
 k - a wand of iceblast (17)
 t - a wand of flame (18)
Scrolls
 d - 2 scrolls of enchant weapon {unknown}
 f - 7 scrolls of magic mapping
 j - a scroll of torment {unknown}
 l - a scroll of blinking {unknown}
 s - a scroll of summoning {unknown}
 u - a scroll of teleportation {unknown}
 x - 12 scrolls of remove curse
 z - 20 scrolls of identify
 C - 2 scrolls of amnesia {unknown}
 N - a scroll of immolation {unknown}
 X - a scroll of noise {unknown}
Potions
 e - 3 potions of heal wounds
 n - 6 potions of curing
 r - 3 potions of mutation {unknown}
 B - a potion of flight
 D - a potion of agility {unknown}
 G - a potion of might {unknown}
 L - a potion of ambrosia {unknown}
Books
 w - Sif Muna's Compendium of Congealing Dark Magic
   (Sif Muna gifted it to you on level 2 of the Lair of Beasts)

   Spells                             Type                      Level
   a - Throw Icicle                   Conjuration/Ice              4
   b - Ice Form                       Ice/Transmutation            4
   c - Dispel Undead                  Necromancy                   5
   d - Bolt of Cold                   Conjuration/Ice              6
   e - Ozocubu's Refrigeration        Ice                          6
   f - Death Channel                  Necromancy                   6
 J - Nejew's Compendium of Twisted Curses
   (Sif Muna gifted it to you on level 5 of the Lair of Beasts)

   Spells                             Type                      Level
   a - Confusing Touch                Hexes                        1
   b - Sublimation of Blood           Necromancy                   2
   c - Excruciating Wounds            Charms/Necromancy            5
   d - Metabolic Englaciation         Hexes/Ice                    5
   e - Silence                        Hexes/Air                    5
Miscellaneous
 h - a fan of gales
 E - a fan of gales
Comestibles
 v - 33 rations


   Skills:
 - Level 5.1 Fighting
   Level 1.0(4.4) Short Blades
 - Level 6.9(7.0) Long Blades
 - Level 5.0 Armour
 - Level 4.0 Dodging
 - Level 10.0 Stealth
 - Level 3.0 Shields
 - Level 10.0 Spellcasting
 * Level 17.8 Hexes
 - Level 4.0 Charms
 - Level 4.1 Necromancy
 * Level 1.3 Air Magic
 - Level 4.1 Evocations


You had 11 spell levels left.
You knew the following spells:

 Your Spells              Type           Power        Failure   Level  Hunger
a - Slow                  Hex            ######..     0%          2    None
b - Confuse               Hex            ######..     1%          3    None
c - Silence               Hex/Air        #####.....   9%          5    #####..
d - Regeneration          Chrm/Necr      ###.......   9%          3    None
i - Invisibility          Hex            ######..     1%          6    ######.
v - Corona                Hex            ######.      0%          1    None
z - Sublimation of Blood  Necr           ###.......   4%          2    None


Dungeon Overview and Level Annotations

Branches:
Dungeon (13/15)            Temple (1/1) D:5            Lair (5/6) D:9
 Shoals (0/4) Lair:2       Spider (0/4) Lair:4        Slime (0/5) Lair:5
    Orc (0/2) D:9
 Vaults: D:13-14

Altars:
Ashenzari
Cheibriados
Dithmenos
Elyvilon
Fedhas
Gozag
Hepliaklqana
Kikubaaqudgha
Makhleb
Nemelex Xobeh
Okawaru
Qazlal
Ru
Sif Muna
Trog
Uskayaw
Vehumet
Wu Jian
Xom
Yredelemnul
Zin
The Shining One
Beogh
Jiyva

Shops:
D:6 *   D:8 *%*%%   D:10 *

Annotations:
D:7 2 transporters, Menkaure
D:11 exclusion: skeletal warrior
D:13 exclusion: black bear, Frances


Innate Abilities, Weirdness & Mutations

You cannot be hasted, slowed, berserked, paralysed or teleported.
You can dig through walls and to a lower floor.
Your four strong arms can wield two-handed weapons with a shield.
You have a pair of large antennae on your head. (SInv)


Message History

Your skin crawls.
The death yak barely misses you.
Your skin is crawling a little less now.
Your skin stops crawling.
There is a stone staircase leading down, spattered with blood here.
Casting: Regeneration
Confirm with . or Enter, or press ? or * to list all spells.
You miscast Regeneration.
Sif Muna protects you from the effects of your miscast!
The death yak gores you!!
Casting: Regeneration
Confirm with . or Enter, or press ? or * to list all spells.
You miscast Regeneration.
Sif Muna protects you from the effects of your miscast!
The death yak gores you!!
Casting: Regeneration
Confirm with . or Enter, or press ? or * to list all spells.
Your skin crawls.
The death yak gores you!!
You die...

...####PPPP#.....#P#...#..###.#..
.......###PPP..##P#P##...######.#
.#.P......##P..#..P...#......P...
.P..#.......#...P..#..P##........
.........#...##P#P##..PPP###.....
...............#P#รท..^..PPPP###.#
.=..........................PP..#
............>..Y.................
P.#........#####@.....<.........#
P..##.....##.##P................#
..###.....#...##.......P###.....#
..##..........##......#######...#
..###......P..##...)..##....P...#
..# #..........#................P
..# #.....#...P#...........P#....
P.# #.....#.####......##...##....
#####.......##.P......#.#.##....#


You could see a death yak.

Vanquished Creatures
  Snorg (D:10)
  A hydra (Lair:2)
  A catoblepas (Lair:4)
  3 two-headed ogres
  4 death yaks
  An oklob plant (Lair:4)
  3 orc knights
  A cyclops (D:11)
  A deep elf mage (D:12)
  5 ugly things
  A manticore (Lair:2)
  13 elephants
  A gargoyle (D:12)
  A black mamba (Lair:5)
  7 spiny frogs
  5 komodo dragons
  A troll (D:9)
  A polar bear (Lair:4)
  A hornet (D:11)
  9 blink frogs (Lair:4)
  2 jumping spiders (Lair:4)
  6 dream sheep (Lair:4)
  6 hippogriffs
  A meliai zombie (D:12)
  A shadow (D:13)
  18 yaks
  2 wraiths
  2 wyverns
  Grum (D:10)
  A basilisk (Lair:5)
  A hungry ghost (D:7)
  6 swamp worms (D:11)
  7 water moccasins
  6 porcupines
  A black bear (D:10)
  2 sky beasts
  8 orc warriors
  4 ice beasts
  4 wolves (D:10)
  11 centaurs
  4 phantoms
  3 ogres
  10 crocodiles
  4 big kobolds
  9 bullfrogs
  2 scorpions
  6 wights
  15 killer bees
  2 electric eels
  A howler monkey (D:9)
  2 crimson imps
  2 centaur zombies
  4 jellies
  A quasit (D:11)
  2 hounds
  4 bullfrog skeletons
  A bullfrog zombie (D:12)
  3 orc priests
  7 orc wizards
  4 iguanas
  6 worker ants
  2 hound zombies (D:6)
  A hound skeleton (D:9)
  A howler monkey zombie (D:11)
  7 gnolls
  2 howler monkey skeletons
  19 adders
  2 shadow imps
  4 oozes
  5 adder zombies
  2 adder skeletons
  17 worms
  3 dart slugs
  9 leopard geckos
  39 orcs
  2 ball pythons
  9 bats
  6 giant cockroaches
  13 goblins
  9 hobgoblins
  4 jackals (D:6)
  30 kobolds
  2 quokkas
  6 frilled lizards
  A giant cockroach zombie (D:5)
  A quokka zombie (D:6)
  4 rats
  2 fungi (Lair:4)
445 creatures vanquished.

Vanquished Creatures (others)
  2 fungi
  3 plants (D:11)
5 creatures vanquished.

Grand Total: 450 creatures vanquished

Notes
Turn   | Place    | Note
-------+----------+-------------------------------------------
     0 | D:1      | DildoBatman the Formicid Enchanter began the quest for the Orb.
     0 | D:1      | Reached XP level 1. HP: 13/13 MP: 3/3
   229 | D:1      | Reached skill level 1 in Fighting
   408 | D:1      | Reached XP level 2. HP: 21/22 MP: 5/5
   724 | D:1      | Reached XP level 3. HP: 20/28 MP: 6/6
   737 | D:1      | Learned a level 3 spell: Confuse
  1344 | D:2      | Reached skill level 1 in Armour
  1790 | D:2      | Reached XP level 4. HP: 32/35 MP: 7/7
  1947 | D:2      | Found a shadowy altar of Dithmenos.
  3150 | D:4      | Reached XP level 5. HP: 41/41 MP: 8/8
  3195 | D:4      | Found a white marble altar of Elyvilon.
  3225 | D:4      | Reached skill level 4 in Hexes
  3619 | D:4      | Reached skill level 5 in Stealth
  3619 | D:4      | Reached XP level 6. HP: 13/47 MP: 3/9
  3960 | D:5      | Entered Level 5 of the Dungeon
  3960 | D:5      | Found a sparkling altar of Nemelex Xobeh.
  4215 | D:5      | Noticed an ice beast
  4323 | D:4      | Killed an ice beast
  4519 | D:5      | Found a staircase to the Ecumenical Temple.
  4529 | Temple   | Entered the Ecumenical Temple
  4538 | Temple   | Became a worshipper of Sif Muna the Loreminder
  4692 | D:5      | HP: 2/47 [centaur (8)]
  4703 | D:5      | Reached skill level 5 in Hexes
  4703 | D:5      | Reached XP level 7. HP: 11/52 MP: 1/10
  5359 | D:5      | Reached skill level 6 in Hexes
  5523 | D:5      | Found a glowing silver altar of Zin.
  6597 | D:5      | Reached skill level 7 in Hexes
  6676 | D:5      | Reached XP level 8. HP: 21/58 MP: 0/11
  7026 | D:6      | Reached * piety under Sif Muna
  7265 | D:6      | Reached skill level 8 in Hexes
  7328 | D:6      | Found Fiyses's Elemental Accessories.
  7669 | D:6      | Reached ** piety under Sif Muna
  7677 | D:6      | Found a stormy altar of Qazlal.
  7857 | D:7      | Found an ancient bone altar of Kikubaaqudgha.
  7857 | D:7      | Noticed a vampire
  7859 | D:7      | Noticed Menkaure
  7862 | D:7      | Noticed a vampire
  7881 | D:7      | Found a transporter.
  7883 | D:7      | Found a transporter.
  7894 | D:7      | Noticed a hippogriff
  7924 | D:7      | Killed a hippogriff
  7924 | D:7      | Reached skill level 5 in Spellcasting
  7924 | D:7      | Reached skill level 9 in Hexes
  7924 | D:7      | Reached XP level 9. HP: 47/63 MP: 13/16
  7954 | D:7      | Found a basalt altar of Yredelemnul.
  8599 | D:7      | Reached skill level 10 in Hexes
  8895 | D:7      | Found the +10 zealot's sword {holy, *Rage rN+ EV+3}
  8991 | D:7      | Noticed a hippogriff
  8997 | D:7      | Killed a hippogriff
  8997 | D:7      | Reached *** piety under Sif Muna
  9169 | D:8      | Reached skill level 1 in Long Blades
  9193 | D:8      | Paralysed by fainting for 12 turns
  9206 | D:8      | Found Ynimom's Food Shoppe.
  9291 | D:8      | Reached XP level 10. HP: 29/70 MP: 17/20
  9514 | D:8      | Found Pukloum's General Store.
  9517 | D:8      | Found Xeneuh Nogoa's Food Boutique.
  9519 | D:8      | Got an ichor-stained flail
  9560 | D:8      | Identified the +6 flail "Esaerafu" {speed, Dex+3} (You found it on level 8 of the Dungeon)
  9658 | D:8      | Noticed a two-headed ogre
  9666 | D:8      | Killed a two-headed ogre
  9679 | D:8      | Found Ynguret's Assorted Antiques.
  9686 | D:8      | Bought an amethyst potion for 19 gold pieces
  9686 | D:8      | Bought a scroll labeled LUEMUYLUTH for 22 gold pieces
  9686 | D:8      | Bought an inky potion for 19 gold pieces
  9686 | D:8      | Bought a blue potion for 19 gold pieces
  9686 | D:8      | Bought a white potion for 19 gold pieces
  9686 | D:8      | Bought a scroll labeled RILOCL UJ MILA for 22 gold pieces
  9686 | D:8      | Bought a white potion for 19 gold pieces
  9865 | D:8      | Found Ykitz's Food Emporium.
 10242 | D:9      | Reached skill level 1 in Shields
 10242 | D:9      | Reached skill level 11 in Hexes
 10301 | D:9      | Noticed a two-headed ogre
 10342 | D:9      | Killed a two-headed ogre
 10342 | D:9      | Reached skill level 5 in Fighting
 10407 | D:9      | Found a radiant altar of Vehumet.
 10484 | D:9      | Found a staircase to the Lair.
 10504 | D:9      | Found a staircase to the Orcish Mines.
 10509 | D:9      | Found a roughly hewn altar of Beogh.
 10944 | D:10     | Entered Level 10 of the Dungeon
 10964 | D:10     | Noticed Grum
 10981 | D:10     | Killed Grum
 10981 | D:10     | Reached XP level 11. HP: 77/79 MP: 18/22
 11000 | D:10     | Noticed Snorg
 11011 | D:10     | Reached skill level 5 in Armour
 11030 | D:10     | Killed Snorg
 11030 | D:10     | Reached **** piety under Sif Muna
 11048 | D:10     | Learned a level 3 spell: Regeneration
 11102 | D:10     | Found Hyorhix's Assorted Antiques.
 11155 | D:10     | Bought a white potion for 32 gold pieces
 11155 | D:10     | Bought a scroll labeled ORCHEM PAGAO for 36 gold pieces
 11155 | D:10     | Bought a scroll labeled JUC XOSHRURCH for 36 gold pieces
 11176 | D:10     | Learned a level 6 spell: Invisibility
 11263 | D:10     | Noticed a two-headed ogre
 11464 | D:10     | Killed a two-headed ogre
 11464 | D:10     | Reached skill level 1 in Charms
 11464 | D:10     | Reached skill level 1 in Necromancy
 12081 | D:11     | Reached skill level 5 in Long Blades
 12208 | D:11     | Noticed a cyan ugly thing
 12210 | D:11     | Noticed an orc knight
 12239 | D:11     | Killed a cyan ugly thing
 12274 | D:11     | Killed an orc knight
 12300 | D:11     | Noticed a skeletal warrior
 12353 | D:11     | Noticed an orc knight
 12367 | D:11     | Killed an orc knight
 12367 | D:11     | Reached skill level 12 in Hexes
 12444 | D:11     | Reached XP level 12. HP: 67/86 MP: 17/24
 13063 | D:11     | Reached ***** piety under Sif Muna
 13437 | D:12     | Received a gift from Sif Muna
 13440 | D:12     | Identified Sif Muna's Disquisition on Noxious Beguiling (Sif Muna gifted it to you on level 12 of the Dungeon)
 13704 | D:12     | Found a flagged portal.
 13730 | Bailey   | Entered a bailey
 13917 | Bailey   | Reached skill level 10 in Stealth
 13917 | Bailey   | Reached skill level 1 in Evocations
 14219 | Bailey   | Got a distressingly furry ring mail
 14285 | D:12     | Identified the +1 ring mail "Pinnetoi" {-Tele rPois rCorr Dex+2} (You took it off a kobold in a bailey)
 14426 | Lair:1   | Entered Level 1 of the Lair of Beasts
 14834 | D:9      | Learned a level 2 spell: Slow
 15351 | Lair:1   | Reached skill level 10 in Spellcasting
 15351 | Lair:1   | Reached skill level 13 in Hexes
 15351 | Lair:1   | Reached XP level 13. HP: 64/91 MP: 19/27
 16823 | D:13     | Noticed Frances
 17228 | Lair:2   | Reached skill level 14 in Hexes
 17292 | Lair:2   | Noticed a five-headed hydra
 17547 | Lair:2   | Killed a five-headed hydra
 17699 | Lair:2   | Identified Sif Muna's Compendium of Congealing Dark Magic (Sif Muna gifted it to you on level 2 of the Lair of Beasts)
 17699 | Lair:2   | Received a gift from Sif Muna
 17699 | Lair:2   | Reached skill level 15 in Hexes
 17701 | Lair:2   | Found a staircase to the Shoals.
 18110 | Lair:2   | You fall through a shaft for 2 floors!
 18451 | Lair:4   | Reached skill level 16 in Hexes
 18625 | Lair:4   | Found a hole to the Spider Nest.
 18780 | Lair:4   | Found a blossoming altar of Fedhas.
 19041 | Lair:4   | Got a tiger eye-encrusted chain mail
 19485 | Lair:4   | Identified the cursed +1 chain mail of Pride {rN+ Dex+4} (You found it on level 4 of the Lair of Beasts)
 19588 | Lair:5   | Reached XP level 14. HP: 60/98 MP: 20/28
 19927 | Lair:4   | Reached skill level 17 in Hexes
 19957 | Lair:5   | Found a staircase to the Slime Pits.
 19957 | Lair:5   | Found a viscous altar of Jiyva.
 20418 | Lair:5   | Identified Nejew's Compendium of Twisted Curses (Sif Muna gifted it to you on level 5 of the Lair of Beasts)
 20418 | Lair:5   | Received a gift from Sif Muna
 20425 | Lair:5   | Learned a level 2 spell: Sublimation of Blood
 20431 | Lair:5   | Learned a level 5 spell: Silence
 20494 | Lair:5   | Reached skill level 1 in Air Magic
 20597 | Lair:4   | Mangled by a death yak

Skill      XL: |  1  2  3  4  5  6  7  8  9 10 11 12 13 14 |
---------------+-------------------------------------------+-----
Fighting       | 1 2 3 5 |  5.1
Armour         | 1 2 3 4 5 |  5.0
Dodging        | 2 4 |  4.0
Stealth        | 4 5 6 7 8 10 | 10.0
Hexes          | 4 5 7 9 10 11 12 13 16 17 | 17.8
Spellcasting   | 5 6 7 8 10 | 10.0
Long Blades    | 1 3 5 6 |  6.9
Shields        | 2 3 |  3.0
Charms         | 2 4 |  4.0
Necromancy     | 3 4 |  4.1
Evocations     | 3 4 |  4.1
Air Magic      | 1 |  1.3
Short Blades   | |  1.0

Action                   |  1- 3 |  4- 6 |  7- 9 | 10-12 | 13-15 || total
-------------------------+-------+-------+-------+-------+-------++-------
Melee: Dagger            |   127 |     3 |       |       |       ||   130
       Quarterstaff      |       |   124 |   317 |       |       ||   441
       Eudemon blade     |       |       |    56 |   515 |   469 ||  1040
       Flail             |       |       |       |       |    13 ||    13
 Cast: Corona            |     4 |       |    37 |    64 |       ||   105
       Confuse           |     1 |    11 |    38 |    79 |    48 ||   177
       Regeneration      |       |       |       |    15 |    71 ||    86
       Invisibility      |       |       |       |     1 |     5 ||     6
       Slow              |       |       |       |     5 |    53 ||    58
 Abil: Dig               |       |     1 |     7 |    10 |     6 ||    24
       Evoke Flight      |       |       |       |     4 |       ||     4
       Stop Flying       |       |       |       |     1 |       ||     1
  Use: Potion            |       |     2 |       |       |       ||     2
       Scroll            |       |       |     1 |     8 |     2 ||    11
 Stab: Sleeping          |     3 |     5 |     8 |    14 |     3 ||    33
       Confused          |       |     1 |    13 |    36 |    26 ||    76
       Invisible         |       |       |       |     2 |    15 ||    17
  Eat: Chunk             |     3 |    10 |    15 |    28 |    24 ||    80
       Ration            |       |       |     2 |       |     2 ||     4
Armor: Robe              |     3 |       |       |       |       ||     3
       Ring mail         |    35 |    43 |   147 |    17 |   111 ||   353
       Troll leather arm |       |       |       |    49 |       ||    49
Dodge: Dodged            |    71 |    81 |   284 |   281 |   257 ||   974
Block: Buckler           |       |       |       |    64 |    59 ||   123
       Rpst.: Eudemon blade |       |       |    12 |    75 |    59 ||   146
